 Dungeon Crawl Stone Soup version 0.22-a0-322-g60b3cfd (webtiles) character file.

15 tilp the Chiller (level 2, 0/19 HPs)
             Began as a Merfolk Ice Elementalist on Apr 4, 2018.
             Engulfed by a cloud of steam (2 damage)
             ... on level 1 of the Dungeon.
             The game lasted 00:02:27 (730 turns).

tilp the Chiller (Merfolk Ice Elementalist)          Turns: 730, Time: 00:02:27

Health: 0/19       AC:  3    Str:  8    XL:     2   Next: 50%
Magic:  5/5        EV: 16    Int: 14    God:
Gold:   52         SH:  0    Dex: 14    Spells: 2/5 levels left

rFire    . . .     SeeInvis .   f - +0 dagger
rCold    . . .     Gourm    .   (no shield)
rNeg     . . .     Faith    .   a - +0 robe
rPois    .         Spirit   .   (no helmet)
rElec    .         Reflect  .   (no cloak)
rCorr    .         Harm     .   e - +0 pair of gloves
MR       .....                  (boots currently unavailable)
Stlth    +++.......             (no amulet)
HPRegen  0.06/turn              (no ring)
MPRegen  0.09/turn              (no ring)

@: very quick
A: change form in water, swift swim, stealthy swim
a: no special abilities


You were on level 1 of the Dungeon.
You were not hungry.

You visited 1 branch of the dungeon, and saw 1 of its levels.

You collected 52 gold pieces.

Inventory:

Hand Weapons
 f - a +0 dagger (weapon)
Missiles
 b - 20 stones (quivered)
 i - 25 sling bullets
Armour
 a - a +0 robe (worn)
 e - a +0 pair of gloves (worn)
Scrolls
 d - 2 scrolls of identify {unknown}
 h - a scroll of immolation {unknown}
 l - a scroll of amnesia {unknown}
Potions
 j - a potion of haste {unknown}
 k - a potion of brilliance {unknown}
 m - a potion of heal wounds {unknown}
Comestibles
 c - 4 rations
 g - 5 chunks of flesh


   Skills:
 - Level 2.6 Dodging
 - Level 2.1 Stealth
 - Level 2.0 Spellcasting
 - Level 0.7 Conjurations
 + Level 4.2 Ice Magic


You had 2 spell levels left.
You knew the following spells:

 Your Spells              Type           Power        Failure   Level  Hunger
a - Freeze                Ice            ##..         4%          1    ##.....
b - Throw Frost           Conj/Ice       #.....       13%         2    ###....


Dungeon Overview and Level Annotations

Branches:
Dungeon (1/15)

Altars:


Message History

You start resting.
Some of the chunks of flesh in your inventory have rotted away.
Magic restored.
You start resting.
You're standing in a cloud of steam!
You start resting.
You're standing in a cloud of steam!
Your legs become a tail as you enter the water.
Your legs become a tail as you enter the water.
Really swim into that cloud of steam?
You are engulfed in a cloud of scalding steam.
You are engulfed in a cloud of scalding steam.
You are engulfed in a cloud of scalding steam.
Really swim into a travel-excluded area?
You are engulfed in a cloud of scalding steam.
Really swim into a travel-excluded area?
You are engulfed in a cloud of scalding steam.
* * * LOW HITPOINT WARNING * * *
You are engulfed in a cloud of scalding steam.
You die...

######.####..# # #.#
#..# # #.# ##..# ##
#.# #...#
.#####.###..§# ###
....##.##..≈≈### #≈###
###.##.##..≈≈≈≈###§§≈#
# ##.....≈≈#≈##§≈≈≈#
###....≈##≈@#§≈##
##.)..######≈#
###....# ###
#######......#
...)....#.####
#########.# #.## #..#
####.####


There were no monsters in sight!

Vanquished Creatures
  A dart slug (D:1)
  A giant cockroach (D:1)
  4 goblins (D:1)
  2 jackals (D:1)
  4 bats (D:1)
  A frilled lizard (D:1)
13 creatures vanquished.

Notes
Turn   | Place    | Note
-------+----------+-------------------------------------------
     0 | D:1      | tilp the Merfolk Ice Elementalist began the quest for the Orb.
     0 | D:1      | Reached XP level 1. HP: 13/13 MP: 3/3
   364 | D:1      | Reached XP level 2. HP: 17/19 MP: 3/5
   391 | D:1      | Learned a level 2 spell: Throw Frost
   433 | D:1      | Reached skill level 4 in Ice Magic
   730 | D:1      | Engulfed by a cloud of steam

Vault maps used:
D:1:      mainiacjoe_arrival_reflecting_pool, lemuel_another_geyser

Skill      XL: |  1  2 |
---------------+-------+-----
Ice Magic      | 4 |  4.2
Dodging        | |  2.6
Stealth        | |  2.1
Spellcasting   | |  2.0
Conjurations   | |  0.7

Action                   || total
-------------------------++-------
Melee: Dagger            ||    13
       Unarmed           ||     2
Throw: Stone             ||     2
 Cast: Freeze            ||    18
 Stab: Sleeping          ||     2
Armor: Robe              ||     9
Dodge: Dodged            ||    27

Table legend:
 A = Spawn XP
 B = Non-spawn XP
 C = Spawn XP percentage of total XP
 D = Spawn monster count
 E = Non-spawn monster count
 F = Spawn count percentage of total count
 G = Total turns spent on level
                    A         B        C        D         E        F      G
               +---------+---------+-------+---------+---------+-------+---------
         Total |       0 |      22 |   0.0 |       0 |      13 |   0.0 |   730
               +---------+---------+-------+---------+---------+-------+---------
           D:1 |       0 |      22 |   0.0 |       0 |      13 |   0.0 |   730
               +---------+---------+-------+---------+---------+-------+---------
